 Dungeon Crawl Stone Soup version 0.30.1-11-g7821555f0a (webtiles) character file.

Game seed: 1119889440970643502

10 MisterKurot the Ruffian (level 2, -2/27 HPs)
             Began as a Troll Gladiator on Oct 29, 2023.
             Slain by Natasha (5 damage)
             ... on level 2 of the Dungeon.
             The game lasted 00:00:46 (303 turns).

MisterKurot the Ruffian (Troll Gladiator)            Turns: 303, Time: 00:00:47

Health: -2/27      AC:  4    Str: 21    XL:     2   Next: 10%
Magic:  1/1        EV: 10    Int:  4    God:
Gold:   34         SH:  0    Dex: 11    Spells: 1/1 levels left

rFire   . .          .
                       - Unarmed
rCold   . . .        e - orb {*Rage}
rNeg    . . .        a - +0 robe
rPois   .            b - +0 hat
rElec   .            (no cloak)
rCorr   .            (gloves unavailable)
SInv    .            (boots unavailable)
Will    .....        (no amulet)
Stlth   +            (no ring)
HPRegen 1.04/turn    (no ring)
MPRegen 0.07/turn

%: random rage (20%)
@: on berserk cooldown, slowed, very slow
A: large, unfitting armour, claws 3, regeneration 1, shaggy fur 1, tough skin 1
a: no special abilities


You were on level 2 of the Dungeon.
You visited 1 branch of the dungeon, and saw 2 of its levels.

You collected 34 gold pieces.

Inventory:

Missiles
 c - 3 throwing nets (quivered)
 d - a large rock
Armour
 a - a +0 robe (worn)
 b - a +0 hat (worn)
 e - an orb of wrath (worn)
Scrolls
 f - a scroll of teleportation {unknown}
Potions
 g - 2 potions of degeneration {unknown}


   Skills:
 * Level 1.6 Fighting
 * Level 1.8 Throwing
 * Level 0.2 Armour
 * Level 2.5 Dodging
 * Level 0.1 Stealth
 * Level 3.2 Unarmed Combat


You had one spell level left.
You didn't know any spells.
Your spell library was empty.

Dungeon Overview and Level Annotations

Branches:
Dungeon (2/15)

Altars:

Annotations:
D:2 Natasha


Innate Abilities, Weirdness & Mutations

You are too large for most types of armour.
You have claws for hands.
Your natural rate of healing is unusually fast.
You are covered in fur. (AC +1)
You have tough skin. (AC +1)


Message History

The hobgoblin hits you but does no damage.
Natasha casts a spell.
You claw the hobgoblin!
You kill the hobgoblin!
Natasha wildly gestures.
You feel disoriented.
Natasha zaps a wand.
The puff of flame hits you!
You see here a hobgoblin corpse.
The cerulean imp shouts!
You scratch Natasha.
Natasha is moderately wounded.
You hear a shout!
Natasha casts a spell at you. The magic dart hits you.
The cerulean imp hits you from afar with a +0 spear.
You scratch Natasha.
Natasha is heavily wounded.
Natasha stares at you and mumbles some strange words.
The magic dart hits you. The cerulean imp barely misses you.
Natasha closely misses you.
You scratch Natasha but do no damage.
Natasha is moderately wounded.
The cerulean imp hits you but does no damage.
Natasha mumbles some strange words.
The cerulean imp closely misses you.
You scratch Natasha.
Natasha is severely wounded.
Natasha claws you. The cerulean imp barely misses you.
The cerulean imp hits you with a +2 spear.
* * * LOW HITPOINT WARNING * * *
You scratch Natasha.
Natasha is almost dead.
Natasha claws you.
* * * LOW HITPOINT WARNING * * *
A giant cockroach comes into view.
The cerulean imp hits you from afar with a +0 spear.
* * * LOW HITPOINT WARNING * * *
The cerulean imp hits you but does no damage.
Natasha claws you.
You die...

. ##. .. B. ....
...#. #.. ####
h.#.##.## #... #
.......###..#
#.##.#....#..
#...g5..##.#
#....h....<#
#....@....##
.....?5.....#
.##....8..8...~~
##.##8..8~~~~≈≈
#. #~..~~≈≈≈≈≈≈
# ~~~..≈≈≈≈≈~~~
≈≈≈..≈≈~~~~##
≈≈≈≈..~~~####


You could see Natasha, 2 cerulean imps, a giant cockroach (wandering) and a
goblin.

Vanquished Creatures
  An endoplasm (D:1)
  3 goblins (D:1)
  A hobgoblin (D:2)
  A quokka (D:1)
  A frilled lizard (D:1)
  2 rats (D:1)
9 creatures vanquished.

Notes
Turn   | Place    | Note
-------+----------+-------------------------------------------
     0 | D:1      | MisterKurot the Troll Gladiator began the quest for the
                  | Orb.
     0 | D:1      | Reached XP level 1. HP: 19/19 MP: 0/0
   276 | D:1      | Reached XP level 2. HP: 27/27 MP: 1/1
   293 | D:2      | Noticed Natasha
   303 | D:2      | Slain by Natasha

Illustrated notes

Levels and vault maps discovered:
D:1:      minmay_arrival_loop, layout_loops_corners, dk_noncrumbling_4,
          chequers_serial_rivers_large_b, hangedman_glass_teeth,
          hangedman_decor_push
D:2:      wander_river, layout_loops_cross, basic_altar,
          nicolae_nh_oracle_at_delphi, uniq_jessica, uniq_natasha

Action                     || total
---------------------------++-------
  Melee: Unarmed           ||    30
 Armour: Robe              ||     7
  Dodge: Dodged            ||    12
